 Dungeon Crawl Stone Soup version 0.32-a0-656-g3542139ebd (webtiles) character file.

Game seed: 8404059030092609226

1590196 Sergey the Sorcerer (level 25, 209/209 HPs)
             Began as a White Draconian Earth Elementalist on Mar 8, 2024.
             Was the Champion of Hepliaklqana.
             Escaped with the Orb
             ... and 3 runes!
             The game lasted 02:40:38 (73952 turns).

Sergey the Sorcerer (DrEE)                         Turns: 73952, Time: 02:40:39

Health: 209/209    AC: 19    Str: 12    XL:     25   Next: 60%
Magic:  48/48      EV: 23    Int: 33    God:    Hepliaklqana [******]
Gold:   1983       SH: 10    Dex: 14    Spells: 10/67 levels left

rFire   + + +        e - staff of Makhleb's Delight {Will+ Conj Tloc}
rCold   + + .        h - +3 buckler {rF+}
rNeg    + . .        (body armour unavailable)
rPois   +            s - -2 hat of the Alchemist {rElec rPois rF+ rC+ rN+ Will+ rMut rCorr}
rElec   +            l - +2 cloak "Ytaygas" {Regen+ rCorr}
rCorr   +            D - +2 pair of gloves
SInv    .            m - +2 pair of boots of Mocwetuan {Int+8 Slay-5}
Will    +++..        T - amulet of magic regeneration
Stlth   +            G - +5 ring of evasion
HPRegen 1.34/turn    q - ring of Egalitarianism {+Blink rPois rF+ Int+3 Slay+3}
MPRegen 0.71/turn

%: random rage (3%), resist mutation
@: forested, studying Short Blades
A: reduced essence, glacial breath, AC +12, unfitting armour, cold resistance 1,
cold-blooded, berserk 1, dopey 1
0: Orb of Zot
}: 3/15 runes: serpentine, barnacled, silver
a: Glacial Breath, Renounce Religion, Evoke Blink, Recall Ancestor, Ancestor
Identity, Transference, Idealise


You escaped.
You worshipped Hepliaklqana.
Hepliaklqana was exalted by your worship.
You visited 11 branches of the dungeon, and saw 51 of its levels.
You visited 1 bazaar.
You also visited: Trove, Sewer, Gauntlet, Ice Cave and Volcano.

You collected 7782 gold pieces.
You spent 5799 gold pieces at shops.

Inventory:

Hand Weapons
 u - the +9 lajatang "Usuychor" {freeze, rPois rF++}
   (You took it off a deep elf sorcerer on level 3 of the Elven Halls)

   rF++:      It greatly protects you from fire.
   rPois:     It protects you from poison.
Missiles
 y - a curare-tipped dart
 Q - 4 throwing nets
Armour
 h - a +3 buckler of fire resistance (worn)
 l - the +2 cloak "Ytaygas" (worn) {Regen+ rCorr}
   (You found it in a Gauntlet)

   Regen+:    It increases your rate of health regeneration.
   rCorr:     It protects you from acid and corrosion.
 m - the +2 pair of boots of Mocwetuan (worn) {Int+8 Slay-5}
   (You found it in a Gauntlet)

   Int+8:     It affects your intelligence (+8).
   Slay-5:    It affects your accuracy & damage with ranged weapons and melee
   (-5).
 s - the -2 hat of the Alchemist (worn) {rElec rPois rF+ rC+ rN+ Will+ rMut rCorr}
   (You found it in a Gauntlet)

   rF+:       It protects you from fire.
   rC+:       It protects you from cold.
   rElec:     It insulates you from electricity.
   rPois:     It protects you from poison.
   rN+:       It protects you from negative energy.
   Will+:     It increases your willpower.
   rCorr:     It protects you from acid and corrosion.
   rMut:      It protects you from mutation.
 D - a +2 pair of gloves (worn)
 L - the sphere of Battle
   (You bought it in a shop in a bazaar)

   Battle:    It summons a battlesphere in combat, with strength depending on
   Conjurations skill.
   Destructive: It enhances your destructive magic, and weakens non-destructive
   magic.
 S - the +0 buckler of Too Many Cooks {rPois rC+ Str+3}
   (You bought it in a shop in a bazaar)

   Str+3:     It affects your strength (+3).
   rC+:       It protects you from cold.
   rPois:     It protects you from poison.
Magical Staves
 e - the staff of Makhleb's Delight (weapon) {Will+ Conj Tloc}
   (You found it on level 3 of the Elven Halls)

   [staff of conjuration]

   Base accuracy: +5 Base damage: 5 Base attack delay: 1.2 This weapon's minimum
   attack delay (0.6) is reached at skill level 12.
   Will+:     It increases your willpower.
   Conj:      It increases the power of your Conjurations spells.
   Tloc:      It increases the power of your Translocations spells.
   It falls into the 'Staves' category.
   It is a one-handed weapon.
Jewellery
 q - the ring of Egalitarianism (right hand) {+Blink rPois rF+ Int+3 Slay+3}
   (You took it off a vampire knight on level 3 of the Depths)

   [ring of poison resistance]

   Int+3:     It affects your intelligence (+3).
   Slay+3:    It affects your accuracy & damage with ranged weapons and melee
   (+3).
   rF+:       It protects you from fire.
   rPois:     It protects you from poison.
   +Blink:    It lets you blink.
 G - a +5 ring of evasion (left hand)
 K - the amulet of Yttikhuiwk {Faith rC+ Regen+ SInv}
   (You took it off a tengu reaver on level 3 of the Depths)

   [amulet of faith]

   Faith:     It allows you to gain divine favour quickly.
   rC+:       It protects you from cold.
   SInv:      It lets you see invisible.
   Regen+:    It increases your rate of health regeneration.
 N - a +4 ring of protection
 O - the ring "Qamoust" {rF+ rN+ Str+2 SInv}
   (You took it off an orc wizard on level 7 of the Dungeon)

   [ring of protection from fire]

   Str+2:     It affects your strength (+2).
   rF+:       It protects you from fire.
   rN+:       It protects you from negative energy.
   SInv:      It lets you see invisible.
 P - the ring of Leaves {Wiz *Corrode rPois Int+6 Dex-5}
   (You found it on level 1 of the Depths)

   [ring of wizardry]

   Wiz:       It improves your spell success rate.
   Int+6:     It affects your intelligence (+6).
   Dex-5:     It affects your dexterity (-5).
   rPois:     It protects you from poison.
   *Corrode:  It may corrode you when you take damage.
 T - an amulet of magic regeneration (around neck)
Wands
 i - a wand of iceblast (14)
 v - a wand of digging (1)
 F - a wand of charming (40)
 M - a wand of mindburst (47)
Scrolls
 f - 5 scrolls of blinking {@r4}
 j - 28 scrolls of teleportation {@r3}
 k - 3 scrolls of amnesia
 n - 8 scrolls of vulnerability {!r}
 p - 3 scrolls of fog {@r2}
 H - 9 scrolls of fear
 I - 3 scrolls of silence {!r}
 U - 5 scrolls of enchant weapon
 V - a scroll of torment
 W - 4 scrolls of immolation
Potions
 a - 3 potions of magic
 b - 2 potions of invisibility
 d - 12 potions of brilliance
 g - 19 potions of curing {@q2}
 r - 6 potions of heal wounds {@q1}
 t - 13 potions of might {@q3}
 x - 3 potions of resistance
 z - a potion of cancellation
 A - 4 potions of enlightenment
 E - 5 potions of haste {@q5}
 J - 10 potions of mutation
 Y - 3 potions of ambrosia
 Z - 8 potions of lignification
Miscellaneous
 o - a phantom mirror
 B - a tin of tremorstones (2/2)
 C - a box of beasts
 R - a lightning rod (4/4)
 X - a phial of floods


   Skills:
 + Level 20.7 Fighting
 - Level 2.0 Throwing
 + Level 13.0 Dodging
 - Level 4.0 Stealth
 + Level 13.2 Shields
 + Level 21.5 Spellcasting
 - Level 15.0 Conjurations
 - Level 18.3 Summonings
 - Level 10.0 Translocations
 - Level 8.0 Ice Magic
 - Level 6.0 Air Magic
 - Level 10.0 Earth Magic
 + Level 15.1 Invocations
 + Level 14.9 Evocations


You had 10 spell levels left.
You knew the following spells:

 Your Spells              Type           Power      Damage    Failure   Level
a - Bombard               Conj/Erth      54%        9d9       1%          6
b - Summon Horrible Thin  Summ           51%        N/A       3%          8
c - Lee's Rapid Deconstr  Erth           39%        3d19*     1%          5
d - Hailstorm             Conj/Ice       100%       3d16      1%          3
f - Summon Forest         Summ/Tloc      57%        N/A       1%          5
g - Freezing Cloud        Conj/Ice/Air   49%        6-21      1%          5
h - Passwall              Erth           79%        N/A       1%          3
l - Malign Gateway        Summ/Tloc      57%        N/A       2%          7
r - Irradiate             Conj/Alch      45%        3d26      1%          5
s - Spellforged Servitor  Conj/Summ      60%        N/A       1%          7
z - Stone Arrow           Conj/Erth      100%       3d13      1%          3

Your spell library contained the following spells:

 Spells                   Type           Power      Damage    Failure   Level
 Magic Dart               Conj           100%       1d8       0%          1
 Shock                    Conj/Air       100%       1d9       0%          1
 Summon Small Mammal      Summ           100%       N/A       0%          1
 Call Imp                 Summ           100%       N/A       0%          2
 Momentum Strike          Conj/Tloc      100%       3d10      0%          2
 Searing Ray              Conj           100%       2d8       0%          2
 Call Canine Familiar     Summ           100%       N/A       0%          3
 Summon Ice Beast         Ice/Summ       89%        N/A       0%          3
 Apportation              Tloc           100%       N/A       1%          1
 Freeze                   Ice            100%       1d10      1%          1
 Kiss of Death            Conj/Necr      100%       2d13      1%          1
 Necrotise                Necr           100%       1d9       1%          1
 Sandblast                Erth           100%       2d20      1%          1
 Sting                    Conj/Alch      100%       1d9       1%          1
 Blink                    Tloc           100%       N/A       1%          2
 Cigotuvi's Dreadful Rot  Necr/Alch/Air  96%        N/A       1%          2
 Jinxbite                 Hex            70%        N/A       1%          2
 Lesser Beckoning         Tloc           100%       N/A       1%          2
 Mercury Vapours          Alch/Air       100%       N/A       1%          2
 Dazzling Flash           Conj/Hex       100%       N/A       1%          3
 Frozen Ramparts          Ice            100%       1d16      1%          3
 Gell's Gravitas          Tloc           100%       N/A       1%          3
 Mephitic Cloud           Conj/Alch/Air  89%        N/A       1%          3
 Ozocubu's Armour         Ice            73%        N/A       1%          3
 Teleport Other           Tloc           100%       N/A       1%          3
 Volatile Blastmotes      Fire/Tloc      100%       2d18      1%          3
 Brom's Barrelling Bould  Conj/Erth      100%       2d11      1%          4
 Fulminant Prism          Conj/Alch      45%        3d20      1%          4
 Iskenderun's Mystic Bla  Conj/Tloc      100%       2d19      1%          4
 Leda's Liquefaction      Alch/Erth      31%        N/A       1%          4
 Manifold Assault         Tloc           100%       N/A       1%          4
 Martyr's Knell           Necr/Summ      77%        N/A       1%          4
 Petrify                  Alch/Erth      62%        N/A       1%          4
 Summon Blazeheart Golem  Fire/Summ      77%        N/A       1%          4
 Summon Lightning Spire   Summ/Air       86%        N/A       1%          4
 Vhi's Electric Charge    Tloc/Air       100%       N/A       1%          4
 Arcjolt                  Conj/Air       51%        1d61      1%          5
 Fireball                 Conj/Fire      45%        3d18      1%          5
 Iskenderun's Battlesphe  Conj           100%       2d15      1%          5
 Summon Mana Viper        Hex/Summ       77%        N/A       1%          5
 Summon Cactus Giant      Summ           51%        N/A       1%          6
 Monstrous Menagerie      Summ           51%        N/A       1%          7
 Orb of Destruction       Conj           58%        9d14      1%          7
 Summon Hydra             Summ           51%        N/A       1%          7
 Conjure Ball Lightning   Conj/Air       51%        3x3d18    2%          6
 Dispersal                Tloc           50%        N/A       2%          6
 Confusing Touch          Hex            35%        N/A       3%          3
 Fugue of the Fallen      Necr           35%        N/A       3%          3
 Starburst                Conj/Fire      45%        6d13      8%          6
 Silence                  Hex/Air        26%        N/A       9%          5
 Dispel Undead            Necr           35%        3d15      11%         4
 Ignite Poison            Fire/Alch      35%        N/A       11%         4
 Olgreb's Toxic Radiance  Alch           35%        N/A       11%         4
 Alistair's Intoxication  Alch           23%        N/A       28%         5
 Curse of Agony           Necr           35%        N/A       28%         5
 Ozocubu's Refrigeration  Ice            36%        4d15      32%         7
 Lehudib's Crystal Spear  Conj/Erth      54%        10d13     38%         8
 Disjunction              Tloc           50%        N/A       75%         8
 Death Channel            Necr           17%        N/A       85%         6
 Maxwell's Capacitive Co  Air            33%        ∞         99%         8
 Discord                  Hex            17%        N/A       100%        8
 Animate Armour           Summ/Erth      Unusable   N/A       N/A         4

Dungeon Overview and Level Annotations

Branches:
Dungeon (15/15)            Temple (1/1) D:4            Lair (5/5) D:8
 Shoals (4/4) Lair:2        Snake (4/4) Lair:3        Slime (0/5) Lair:5
    Orc (2/2) D:10            Elf (3/3) Orc:2        Vaults (5/5) D:14
  Crypt (3/3) Vaults:2       Tomb (0/3) Crypt:3      Depths (4/4) D:15
    Zot (5/5) Depths:4      Sewer (visited)           IceCv (visited)
Volcano (visited)         Gauntlet (visited)

Altars:
Ashenzari
Cheibriados
Dithmenos
Elyvilon
Fedhas
Gozag
Hepliaklqana
Kikubaaqudgha
Makhleb
Nemelex Xobeh
Okawaru
Qazlal
Ru
Sif Muna
Trog
Uskayaw
Vehumet
Wu Jian
Xom
Yredelemnul
Zin
The Shining One
Beogh
Jiyva

Shops:
D:10 (   D:11 :   D:14 *   Orc:2 ([!   Elf:1 :   Snake:3 [   Vaults:1 ?*
Vaults:2 (?:   Vaults:4 [   Depths:1 [   Depths:2 :=:

Portals:
Hell: Depths:1 Depths:2 Depths:3 Depths:4
Abyss: D:3 Depths:1 Depths:3 Depths:4
Pandemonium: Depths:2
Ziggurat: Depths:2

Annotations:
D:15 Roxanne
Lair:5 exclusion: 2 oklob plants
Shoals:4 1 runed translucent door, TobyConnect's ghost, adept TeAE
Elf:2 3 runed translucent doors
Depths:4 12 exclusions
Zot:1 6 transporters


Innate Abilities, Weirdness & Mutations

Your life essence is reduced to manifest your ancestor. (-10% HP)
You can breathe waves of cold which freeze foes solid.
Your icy white scales are hard. (AC +12)
You cannot fit into any form of body armour.
Your flesh is cold resistant. (rC+)
You are cold-blooded and may be slowed by cold attacks.
You sometimes lose your temper in combat.
You are dopey. (Int -2)


Message History

You climb upwards.
There is a stone staircase leading down here.
An Orb Guardian comes into view.
You see here a +0 club.
The Orb Guardian moves out of view.
Casting: Bombard (mildly dangerous; 1% risk of failure)
Confirm with . or Enter, or press ? or * to list all spells.
You feel a surge of power!
A forested plane collides here with a resounding crunch!
Your dryad calls out to the forest.
The forest starts to sway and rumble!
A root smacks the Orb Guardian from below!!
Your dryad calls out to the forest.
Vines fly forth from the trees!
A root smacks the Orb Guardian from below!
The Orb Guardian hits your snaplasher vine!
Your snaplasher vine hits the Orb Guardian but does no damage.
You feel roots moving beneath the ground.
Something hits your snaplasher vine!!
Your snaplasher vine is destroyed!
A tree reaches out and hits the Orb Guardian!
A root smacks the Orb Guardian from below!
The Orb Guardian dies!
Tree limbs sway around you.
There is an escape hatch in the ceiling here.
A mysterious force pulls you upwards. The hatch slams shut behind you.
A balrug and 3 sun demons come into view.
The sun demon shouts! x3
Blink to where?
Press: ? - help, Dir - move target
As you read the scroll of blinking {@r4}, it crumbles to dust.
Blink to where?
Press: ? - help, Dir - move target
As you read the scroll of blinking {@r4}, it crumbles to dust.
There is an open door here.
Blink to where?
Press: ? - help, Dir - move target
As you read the scroll of blinking {@r4}, it crumbles to dust.
Unknown command.
You have escaped!

#.###.....#..........#####
###.#.............####### #♣
#......##......##.....#.###~
#......##......########...#~
#......##....§#########§§..♣
#.........P..##.......+§....
#......##...##........#§§##.
#......#..###........§+÷÷###
#......#.##@.......§§.#§.###
#......#..###......§§.+..##.
###....####.§§##........#§§...
#...#..# ##P§§##......)'§....
####.###..#
###§§#########§§#.. .....#
#..# ####§#§§..#####..#÷.
....## #..##
#..§§§§#####..#..#.. ....#
#...# #.§.§§.#.....###.÷..
^..)## #...#
#......#.#######....


There were no monsters in sight!

Vanquished Creatures
  A dread lich (Zot:5)
  Khufu (Crypt:2)
  An ancient lich (Depths:3)
  An orb of fire (Zot:5)
  A royal mummy (Crypt:2)
  Vashnia (Snake:4)
  A curse toe (Zot:5)
  3 golden dragons
  2 bone dragons
  2 electric golems
  3 tentacled monstrosities
  9 Orb Guardians
  2 liches
  2 walking earthen tomes (Depths:2)
  2 deep elf blademasters (Elf:3)
  2 deep elf master archers (Elf:3)
  4 quicksilver dragons
  5 sphinxes
  A kraken (Shoals:2)
  An Executioner (D:13)
  2 death cobs
  An ancient champion (Vaults:2)
  Kirke (D:15)
  2 storm dragons
  4 tengu reavers
  Donald (Orc:2)
  5 nagarajas
  The ghost of FlatIsJustice the Peltast, an adept FoFi of the Shining One (Shoals:1)
  A draconian monk (Depths:4)
  6 fire giants
  A revenant (Crypt:2)
  A caustic shrike zombie (Crypt:2)
  4 deep elf sorcerers (Elf:3)
  5 frost giants
  3 orc warlords
  2 deep elf elementalists (Elf:3)
  7 vault wardens
  A reaper (IceCv)
  2 ghouls (Crypt:3)
  10 ironbound preservers
  A draconian annihilator (Depths:4)
  7 ironbound thunderhulks
  6 very ugly things
  6 stone giants
  2 formless jellyfish
  A green draconian (Depths:4)
  5 vampire knights
  6 deep elf demonologists
  5 deep elf death magi (Elf:3)
  11 deep elf annihilators
  A black draconian (Depths:4)
  A purple draconian (Depths:4)
  A minotaur (Gauntlet)
  2 spark wasps (Depths:3)
  4 dire elephants
  3 yellow draconians
  A merfolk impaler (Shoals:4)
  10 ettins
  3 war gargoyles
  A blizzard demon (D:9)
  2 jiangshi (Crypt:1)
  2 merfolk javelineers
  4 eidola
  2 entropy weavers (Vaults:4)
  8 yaktaur captains
  3 deep elf high priests
  A rakshasa (Depths:2)
  17 vault guards
  6 great orbs of eyes
  4 fire dragons
  3 peacekeepers
  4 salamander tyrants
  3 hydras
  Harold (D:11)
  4 spriggan air magi
  4 centaur warriors
  8 ironbound frosthearts
  3 ice dragons
  10 anacondas
  2 alligator snapping turtles
  2 ogre magi
  4 boulder beetles
  A merfolk aquamancer (Shoals:3)
  5 deep troll shamans
  2 satyrs
  8 two-headed ogres
  2 deep troll earth magi (Vaults:5)
  6 dancing weapons
  3 tengu warriors
  A death knight (Crypt:3)
  5 death yaks
  2 occultists (Depths:2)
  4 vampire magi
  3 spriggan berserkers
  8 naga warriors
  11 naga sharpshooters
  6 shock serpents
  3 orc high priests
  3 deep elf knights
  A soul eater (Crypt:2)
  A skyshark (Shoals:1)
  4 hell knights
  4 salamander mystics
  4 iron trolls
  17 skeletal warriors
  A sixfirhy (Depths:2)
  An iron giant zombie (Crypt:2)
  A shadow wraith (Crypt:2)
  3 arcanists
  2 flayed ghosts
  6 sea snakes
  A mana viper (shapeshifter) (D:15)
  23 deep trolls
  4 bog bodies (IceCv)
  2 spriggan simulacra (IceCv)
  6 deep elf archers
  A glowing orange brain (Depths:2)
  6 mana vipers
  6 phantasmal warriors
  4 ironbound convokers
  6 orc knights
  6 lindwurms
  A sea snake (shapeshifter) (Vaults:1)
  6 harpies
  4 naga ritualists
  2 obsidian statues (IceCv)
  18 deep elf pyromancers
  4 thermic dynamos (Elf:1)
  4 necromancers
  4 orc sorcerers
  13 deep elf zephyrmancers
  An iron dragon zombie (Crypt:3)
  A faun (shapeshifter) (Vaults:5)
  3 manticores
  17 ugly things
  5 cyclopes
  17 salamanders
  6 fauns
  9 moths of wrath
  8 elephants
  A centaur zombie (Crypt:2)
  9 meliai
  28 black mambas
  11 vault sentinels
  8 guardian serpents (Snake:4)
  A rust devil (Zot:1)
  2 frost giant skeletons (Vaults:2)
  A stone giant skeleton (Vaults:2)
  4 merfolk sirens
  4 naga magi
  3 water nymphs (Shoals:4)
  An orange demon (Depths:4)
  A torpor snail (Lair:3)
  An ice statue (Snake:3)
  2 smoke demons (Volcano)
  Maggie (D:7)
  A hellion (Depths:3)
  12 cane toads
  4 human zombies
  A freezing wraith (Vaults:5)
  7 yaktaurs
  2 unseen horrors
  8 rime drakes
  A white draconian skeleton (Crypt:1)
  3 yaktaur skeletons (Vaults:2)
  8 komodo dragons
  3 tengu conjurers
  A polar bear (shapeshifter) (D:14)
  A minotaur skeleton (Crypt:2)
  A harpy zombie (Crypt:3)
  16 merfolk
  10 trolls
  3 guardian mummies
  A wind drake (shapeshifter) (D:7)
  4 wind drakes
  An alligator simulacrum (IceCv)
  A boulder beetle zombie (Crypt:1)
  13 blink frogs
  10 snapping turtles
  2 glass eyes
  Sigmund (D:2)
  14 dream sheep
  A spriggan (shapeshifter) (Vaults:4)
  A centaur simulacrum (D:14)
  18 slime creatures
  4 air elementals
  4 small abominations
  5 water elementals
  A jumping spider (Vaults:4)
  49 yaks
  An ushabti (Crypt:3)
  6 wraiths
  2 vampires
  6 hogs (D:15)
  7 shadows
  A redback (shapeshifter) (Elf:1)
  A wyvern (D:8)
  4 fire elementals
  A warg (Orc:1)
  A hog (shapeshifter) (Elf:2)
  A basilisk (Lair:1)
  8 steam dragons
  A redback (Vaults:4)
  A minotaur simulacrum (IceCv)
  2 glowing shapeshifter zombies
  A hydra simulacrum (IceCv)
  29 nagas
  Edmund (D:6)
  4 acid dragons
  2 hell hounds (Volcano)
  An ogre skeleton (Vaults:2)
  4 nameless horrors
  A swamp drake (Lair:5)
  15 water moccasins
  7 orc warriors
  A swamp dragon zombie (Crypt:1)
  A swamp drake (shapeshifter) (D:13)
  3 black bears
  17 laughing skulls
  2 sky beasts (D:7)
  An ice beast (D:7)
  13 wolves
  An ettin simulacrum (IceCv)
  18 ogres
  6 centaurs
  2 phantoms (Crypt:3)
  A vine stalker zombie (Crypt:2)
  6 kobold brigands
  14 bullfrogs
  A komodo dragon zombie (Crypt:1)
  4 earth elementals
  A gnoll sergeant (D:9)
  3 scorpions
  14 wights
  2 wyvern skeletons (Crypt:3)
  A hornet simulacrum (D:15)
  7 killer bees
  3 spriggan skeletons (D:11)
  3 howler monkeys
  8 electric eels
  A troll skeleton (D:11)
  A bombardier beetle (D:4)
  5 jellies
  Crazy Yiuf (D:6)
  15 orc priests
  3 hounds
  A sleepcap (D:7)
  A human skeleton (Crypt:1)
  8 iguanas
  22 orc wizards
  A boggart skeleton (Crypt:1)
  7 mummies
  12 gnolls
  12 adders
  6 river rats
  5 white imps
  3 ufetubi (D:7)
  A lava snake skeleton (Crypt:2)
  5 ribbon worms
  A dart slug (D:5)
  52 orcs
  A bat zombie (Crypt:2)
  16 endoplasms
  3 giant cockroaches
  6 goblins
  7 hobgoblins
  10 jackals
  20 kobolds
  3 quokkas
  9 ball pythons
  4 bats
  A bombardier beetle zombie (Crypt:1)
  4 frilled lizards
  An orc skeleton (Crypt:2)
  11 rats
  A rat skeleton (Crypt:1)
  A snaplasher vine (Shoals:1)
1377 creatures vanquished.

Vanquished Creatures (collateral kills)
  4 dread liches
  An ancient lich (Zot:5)
  2 orbs of fire (Zot:5)
  Xtahua (Depths:3)
  2 Killer Klowns (Zot:5)
  Parghit (Depths:3)
  2 golden dragons
  Nikola (Vaults:1)
  2 profane servitors
  A shard shrike zombie (Crypt:3)
  6 tentacled monstrosities
  2 Hell Sentinels
  2 liches
  15 Orb Guardians
  A titan (Vaults:5)
  2 quicksilver dragons (Vaults:5)
  The ghost of zkyp the Severer, an adept CoGl of Okawaru (Shoals:2)
  2 walking divine tomes (Depths:2)
  7 sphinxes
  Polyphemus (Shoals:4)
  Frances (Shoals:2)
  A death cob (Zot:1)
  Aizul (Snake:3)
  An eldritch tentacle (Zot:5)
  2 tengu reavers (Vaults:5)
  2 storm dragons
  A draconian monk (Depths:4)
  2 revenants
  4 shadow dragons
  3 fire giants
  4 protean progenitors
  A nagaraja (Snake:4)
  A draconian knight (Zot:5)
  A draconian shifter (Zot:5)
  2 frost giants
  16 vault wardens
  A ghost moth (Zot:3)
  2 orc warlords
  2 reapers
  7 stone giants
  11 ironbound preservers
  2 cacodemons
  3 formless jellyfish
  7 very ugly things
  9 ghouls
  An ironbound thunderhulk (Vaults:3)
  2 vampire knights
  4 deep elf demonologists
  3 green draconians
  5 deep elf annihilators
  3 red draconians
  A white draconian (Zot:3)
  A spark wasp (Depths:3)
  2 bunyips (Zot:1)
  8 dire elephants
  A war gargoyle (Vaults:4)
  A minotaur (Shoals:1)
  2 purple draconians
  2 yellow draconians
  5 deep elf death magi
  6 eidola
  4 ettins
  3 merfolk javelineers
  12 merfolk impalers
  A jiangshi (Crypt:1)
  A mummy priest (Crypt:3)
  A fire dragon (Volcano)
  The ghost of MirrMurr the Skirmisher, a journeyman SpHu of Okawaru (Lair:5)
  3 great orbs of eyes
  2 rakshasas (Depths:2)
  16 yaktaur captains
  A spriggan zombie (Crypt:3)
  A peacekeeper (Vaults:2)
  A fenstrider witch zombie (Crypt:1)
  An ice dragon (Depths:3)
  A merfolk aquamancer (Shoals:4)
  An ogre mage (Orc:2)
  7 ironbound frosthearts
  A salamander tyrant (Snake:4)
  19 vault guards
  A hydra (D:15)
  3 merfolk avatars
  A catoblepas (Shoals:4)
  An alligator snapping turtle (Shoals:4)
  2 anacondas (Snake:1)
  5 centaur warriors
  3 dancing weapons
  3 spriggan air magi
  4 two-headed ogres (Orc:2)
  2 death knights (Crypt:3)
  2 boulder beetles (Zot:3)
  A two-headed ogre (shapeshifter) (Vaults:5)
  A satyr (Zot:1)
  4 death yaks
  2 deep troll earth magi
  4 deep troll shamans (Depths:2)
  3 shock serpents
  5 naga warriors (Snake:4)
  3 hell knights (Depths:2)
  3 spriggan berserkers
  Urug (Orc:1)
  A storm dragon zombie (Crypt:3)
  A shadow wraith (Crypt:2)
  A salamander mystic (Depths:4)
  A sixfirhy (Depths:1)
  2 skysharks (Shoals:2)
  A skyshark (shapeshifter) (Depths:3)
  19 skeletal warriors
  An orb spider (shapeshifter) (Depths:2)
  4 large abominations (Depths:3)
  2 flayed ghosts (Crypt:3)
  13 sea snakes
  2 mana vipers
  3 arcanists
  4 iron trolls
  A swamp dragon (Lair:5)
  24 deep trolls
  4 lindwurms
  4 deep elf archers
  A naga ritualist (Snake:1)
  A thermic dynamo (Elf:1)
  11 harpies
  2 necromancers
  An anaconda skeleton (Crypt:1)
  16 phantasmal warriors
  10 orc knights
  8 deep elf pyromancers
  5 ironbound convokers
  A deep elf zephyrmancer (Elf:1)
  2 tengu skeletons (Vaults:2)
  10 ugly things
  A shining eye (shapeshifter) (Vaults:3)
  2 stone giant zombies (Crypt:2)
  10 fauns
  8 manticores
  An orc sorcerer (Elf:2)
  3 cyclopes
  9 salamanders
  12 black mambas
  10 moths of wrath
  A dire elephant zombie (Crypt:3)
  2 centaur zombies (Crypt:3)
  A merfolk siren (Shoals:4)
  3 guardian serpents (Snake:4)
  2 elephants
  2 naga zombies
  A naga mage (Snake:2)
  3 water nymphs (Shoals:4)
  9 vault sentinels
  3 orange demons
  A cane toad (shapeshifter) (Vaults:5)
  A komodo dragon (Lair:4)
  3 cane toads
  An unseen horror (Depths:3)
  A tormentor (Depths:1)
  3 freezing wraiths
  An ice devil (Gauntlet)
  13 yaktaurs
  A queen bee (shapeshifter) (Elf:3)
  A guardian mummy (Crypt:2)
  3 trolls (Orc:2)
  A golden dragon simulacrum (IceCv)
  A tengu conjurer (Depths:2)
  4 harpy zombies (Crypt:3)
  3 wind drakes
  2 human skeletons
  22 merfolk
  A boulder beetle zombie (Crypt:1)
  2 blink frogs (Lair:2)
  A merfolk zombie (Crypt:3)
  7 snapping turtles
  3 dream sheep
  13 slime creatures
  13 yaks
  A dire elephant simulacrum (IceCv)
  2 ettin skeletons (Vaults:2)
  A shadow (Gauntlet)
  2 wyverns
  7 small abominations
  2 elf skeletons
  8 water elementals
  An ushabti (Crypt:3)
  3 wraiths
  The ghost of 1Anon the Magician, an amateur OnFE (D:3)
  A basilisk (Lair:5)
  2 steam dragons
  A fire elemental (Elf:2)
  6 nagas
  A chaos spawn (Depths:3)
  A glowing shapeshifter skeleton (Vaults:1)
  9 orc warriors
  2 sky beasts (D:7)
  4 laughing skulls
  2 wolves
  5 ogres
  2 centaurs
  A warg zombie (Crypt:2)
  A kobold brigand (D:3)
  3 bullfrogs
  A draconian skeleton (Crypt:1)
  12 wights
  7 wyvern skeletons (Crypt:3)
  2 howler monkeys (D:8)
  2 spriggan skeletons (D:11)
  A quasit (D:3)
  2 orc priests
  A hound (D:7)
  A gnoll bouda (D:7)
  5 orc wizards
  A mummy (Crypt:3)
  2 adders
  3 gnolls
  A ribbon worm (D:5)
  14 orcs
  2 kobolds (D:9)
  2 tentacles (Shoals:2)
790 creatures vanquished.

Vanquished Creatures (others)
  13 eldritch tentacles
  A death cob (Zot:1)
  A storm dragon (Zot:1)
  2 yaktaur captains (Vaults:4)
  A hell beast (D:10)
  A centaur warrior (Vaults:2)
  5 yaktaurs
  A yak (Lair:1)
  An orc warrior (Vaults:5)
  45 knights
  An ancestor (D:6)
  31 snaplasher vines
  2 tentacles (Shoals:2)
105 creatures vanquished.

Grand Total: 2272 creatures vanquished

Notes
Turn   | Place    | Note
-------+----------+-------------------------------------------
     0 | D:1      | Sergey the Draconian Earth Elementalist began the quest for
                  | the Orb.
     0 | D:1      | Reached XP level 1. HP: 14/14 MP: 3/3
   217 | D:1      | Reached XP level 2. HP: 20/20 MP: 1/5
   458 | D:1      | Reached skill level 1 in Fighting
  1732 | D:2      | Reached XP level 3. HP: 28/28 MP: 4/6
  1797 | D:2      | Learned a level 3 spell: Passwall
  1801 | D:2      | Learned a level 3 spell: Stone Arrow
  2456 | D:2      | Noticed Sigmund
  2930 | D:2      | Found a faded altar of an unknown god.
  3275 | D:2      | Reached XP level 4. HP: 25/35 MP: 1/7
  3603 | D:3      | Found a one-way gate to the infinite horrors of the Abyss.
  3603 | D:3      | Noticed 1Anon's ghost (amateur OnFE)
  3604 | D:3      | Noticed a small abomination
  3895 | D:3      | Found a transporter.
  3899 | D:3      | Found a transporter.
  3899 | D:3      | Noticed a small abomination
  3910 | D:3      | Noticed a small abomination
  3933 | D:3      | Noticed a kobold brigand
  4091 | D:4      | Reached XP level 5. HP: 41/41 MP: 8/8
  4165 | D:4      | Identified a scroll of acquirement
  4436 | D:4      | Reached skill level 3 in Spellcasting
  4515 | D:4      | Found a staircase to the Ecumenical Temple.
  4538 | Temple   | Entered the Ecumenical Temple
  4560 | Temple   | Became a worshipper of Hepliaklqana the Forgotten
  4782 | D:4      | Noticed a black bear
  4916 | D:5      | Entered Level 5 of the Dungeon
  4969 | D:5      | Noticed an ogre
  4985 | D:4      | Reached XP level 6. HP: 47/48 MP: 3/10
  5159 | D:5      | Found a glowing drain.
  5163 | Sewer    | Entered a sewer
  5577 | Sewer    | Reached skill level 5 in Earth Magic
  5577 | Sewer    | Reached skill level 1 in Throwing
  5904 | Sewer    | Your scales start taking on an icy white colour.
  5904 | Sewer    | Reached XP level 7. HP: 54/56 MP: 6/11
  5904 | Sewer    | Gained mutation: Your flesh is cold resistant. (rC+) [White
                  | Draconian growth]
  6600 | D:5      | Reached skill level 1 in Ice Magic
  6713 | D:5      | Found an ancient bone altar of Kikubaaqudgha.
  6726 | D:5      | Reached * piety under Hepliaklqana
  6772 | D:5      | Found a bloodstained altar of Trog.
  7549 | D:2      | Reached XP level 8. HP: 56/56 MP: 8/12
  7830 | D:2      | Killed Sigmund
  7831 | D:2      | Reached skill level 5 in Ice Magic
  8177 | D:2      | Found a faded altar of an unknown god.
  8512 | D:6      | Acquired a book of Frost
  8518 | D:6      | Learned a level 3 spell: Frozen Ramparts
  8522 | D:6      | Learned a level 3 spell: Hailstorm
  8534 | D:6      | Noticed Edmund
  8542 | D:6      | Killed Edmund
  8643 | D:6      | Reached skill level 4 in Spellcasting
  8876 | D:6      | Found a broken altar of Ashenzari.
  8879 | D:6      | Found a glowing silver altar of Zin.
  8883 | D:6      | Found a sparkling altar of Nemelex Xobeh.
  8924 | D:6      | Found a hide-covered altar of Uskayaw.
  9234 | D:6      | Found a glowing golden altar of the Shining One.
  9234 | D:6      | Found a sacrificial altar of Ru.
  9235 | D:6      | Found a blossoming altar of Fedhas.
  9274 | D:6      | Reached skill level 5 in Fighting
  9353 | D:6      | Found a runed translucent door.
  9354 | D:6      | Noticed Crazy Yiuf
  9654 | D:6      | Killed Crazy Yiuf
  9752 | D:7      | Reached skill level 5 in Spellcasting
  9880 | D:7      | Reached XP level 9. HP: 66/66 MP: 9/16
 10341 | D:7      | Reached skill level 5 in Conjurations
 10550 | D:7      | Reached skill level 6 in Spellcasting
 10674 | D:7      | Noticed a yaktaur
 10774 | D:7      | Reached ** piety under Hepliaklqana
 10775 | D:7      | Remembered your ancestor Goblin1989 as a knight
 10797 | D:7      | Reached skill level 1 in Air Magic
 10935 | D:7      | Reached skill level 5 in Air Magic
 11096 | D:8      | Noticed a two-headed ogre
 11100 | D:8      | Killed a two-headed ogre
 11101 | D:8      | Reached XP level 10. HP: 72/72 MP: 12/19
 11673 | D:8      | Noticed a cyclops
 11796 | D:8      | Killed a cyclops
 11907 | D:8      | Learned a level 5 spell: Freezing Cloud
 11961 | D:8      | Found a staircase to the Lair.
 12112 | D:8      | Reached skill level 7 in Spellcasting
 13164 | D:9      | Noticed a two-headed ogre
 13169 | D:9      | Killed a two-headed ogre
 13170 | D:9      | Reached XP level 11. HP: 81/81 MP: 12/22
 13377 | D:10     | Entered Level 10 of the Dungeon
 13391 | D:10     | Found a staircase to the Orcish Mines.
 13771 | D:10     | Found Awiseto's Weapon Shoppe.
 13944 | D:10     | Found a shimmering altar of Xom.
 13970 | D:10     | Reached *** piety under Hepliaklqana
 13996 | D:10     | Reached skill level 8 in Spellcasting
 14352 | D:10     | Noticed a two-headed ogre
 14359 | D:10     | Killed a two-headed ogre
 14950 | D:11     | Noticed Harold
 14956 | D:11     | Killed Harold
 14957 | D:11     | Reached skill level 1 in Invocations
 15112 | D:11     | Noticed a boulder beetle
 15124 | D:11     | Killed a boulder beetle
 15125 | D:11     | Reached skill level 5 in Dodging
 15846 | D:11     | Found Kemex's Book Shoppe.
 16270 | D:11     | Identified the +2 robe of the Dungeon {rC+ Regen+ Str+3}
 16413 | D:11     | Bought a book of Power for 588 gold pieces
 16419 | D:11     | Learned a level 5 spell: Iskenderun's Battlesphere
 16505 | Lair:1   | Entered Level 1 of the Lair of Beasts
 16532 | Lair:1   | Reached **** piety under Hepliaklqana
 16587 | Lair:1   | Reached skill level 9 in Spellcasting
 16710 | Lair:1   | Reached XP level 12. HP: 79/90 MP: 20/25
 16896 | Lair:1   | Reached skill level 10 in Spellcasting
 17953 | Lair:2   | Found a staircase to the Shoals.
 18113 | Lair:2   | Reached skill level 10 in Conjurations
 18145 | Lair:2   | Noticed a death yak
 18151 | Lair:2   | Noticed a death yak
 18153 | Lair:2   | Killed a death yak
 18153 | Lair:2   | Noticed a death yak
 18175 | Lair:2   | Killed a death yak
 18175 | Lair:2   | Killed a death yak
 18406 | Lair:2   | Found the +4 robe of Augmentation {Str+4 Int+4 Dex+4}
 18700 | Lair:2   | Reached skill level 10 in Earth Magic
 18701 | Lair:2   | Reached XP level 13. HP: 86/96 MP: 17/27
 18793 | Lair:2   | Reached skill level 1 in Summonings
 19313 | Lair:3   | Identified the +6 chain mail of Imperfection {+Inv Str-3
                  | Dex+4}
 19444 | Lair:3   | Reached ***** piety under Hepliaklqana
 19624 | Lair:3   | Reached skill level 5 in Summonings
 20010 | Lair:3   | Found a staircase to the Snake Pit.
 21243 | Lair:4   | Reached skill level 1 in Evocations
 21670 | Lair:5   | Entered Level 5 of the Lair of Beasts
 21728 | Lair:5   | Found a dark tunnel.
 21738 | Volcano  | Entered a volcano
 22022 | Volcano  | Noticed a fire dragon
 22029 | Volcano  | Killed a fire dragon
 22094 | Volcano  | Identified the +4 fire dragon scales of Love and Death {Fly
                  | rF++ rC- Dex+3 Slay+2}
 22701 | Lair:5   | Reached skill level 10 in Summonings
 22701 | Lair:5   | Reached XP level 14. HP: 92/103 MP: 10/28
 22812 | Lair:5   | Found a transporter.
 23032 | Lair:5   | Found a transporter.
 23032 | Lair:5   | Noticed MirrMurr's ghost (journeyman SpHu)
 23350 | Lair:5   | Found a viscous altar of Jiyva.
 24005 | D:7      | Noticed Maggie
 24011 | D:7      | Killed Maggie
 24293 | D:7      | Reached ****** piety under Hepliaklqana
 25410 | D:7      | Identified the ring "Qamoust" {rF+ rN+ Str+2 SInv}
 25820 | D:12     | Found a gate leading to a gauntlet.
 25825 | Gauntlet | Entered a Gauntlet
 25825 | Gauntlet | Found a transporter.
 25832 | Gauntlet | Found a transporter.
 25834 | Gauntlet | Found a transporter.
 25834 | Gauntlet | Found the -2 hat of the Alchemist {rElec rPois rF+ rC+ rN+
                  | Will+ rMut rCorr}
 25845 | Gauntlet | Found a transporter.
 25848 | Gauntlet | Found a transporter.
 25861 | Gauntlet | Found a transporter.
 25874 | Gauntlet | Found a transporter.
 25885 | Gauntlet | Found a transporter.
 25896 | Gauntlet | Found a transporter.
 25901 | Gauntlet | Found a transporter.
 25918 | Gauntlet | Found a transporter.
 25929 | Gauntlet | Found a transporter.
 25930 | Gauntlet | Found a transporter.
 25982 | Gauntlet | Found a transporter.
 26067 | Gauntlet | Learned a level 6 spell: Bombard
 26346 | Gauntlet | Identified the +2 pair of boots of Mocwetuan {Int+8 Slay-5}
 26442 | Gauntlet | Identified the +2 cloak "Ytaygas" {Regen+ rCorr}
 27407 | D:12     | Identified the +2 spear of Amortisation {flame, rF- rCorr
                  | Int+4 SInv}
 27996 | D:13     | Found a portal to a secret trove of treasure.
 28017 | D:13     | You paid a toll of 5 scrolls of fog to enter a treasure
                  | trove
 28018 | Trove    | Entered a treasure trove
 28032 | Trove    | Got Laisku's Cyclopedia of the Escort and the Fifth Circle
 28035 | Trove    | Got the Thoughts on Projective Ice
 28083 | Trove    | Got Sif Muna's Codex of Austromancy and Confrontation
 28086 | Trove    | Got Ikhlol's Codex of Phantasms
 29003 | D:14     | Found a gate to the Vaults.
 29332 | D:14     | Found Cavascha's General Store.
 29341 | D:14     | Bought a scroll of blinking for 127 gold pieces
 29472 | D:15     | Entered Level 15 of the Dungeon
 29564 | D:15     | Found an ornate altar of the Wu Jian Council.
 29649 | D:15     | Noticed a brown very ugly thing
 29656 | D:15     | Killed a cyan very ugly thing
 29764 | D:15     | Reached XP level 15. HP: 87/108 MP: 17/29
 29835 | D:15     | Noticed Roxanne
 29875 | D:15     | Noticed Kirke
 29882 | D:15     | Killed Kirke
 29981 | D:15     | Found a shimmering blue altar of Sif Muna.
 30234 | D:15     | Found a staircase to the Depths.
 30651 | Snake:1  | Entered Level 1 of the Snake Pit
 30721 | Snake:1  | Reached skill level 11 in Spellcasting
 31306 | Snake:1  | Reached skill level 12 in Spellcasting
 31314 | Snake:1  | Learned a level 7 spell: Spellforged Servitor
 31820 | Orc:1    | Entered Level 1 of the Orcish Mines
 32053 | Orc:2    | Entered Level 2 of the Orcish Mines
 32053 | Orc:2    | Noticed Donald
 32066 | Orc:2    | Killed Donald
 32230 | Orc:2    | Found Ruenaph's Antique Weapon Emporium.
 32235 | Orc:2    | Found Ytuhe's Armour Shoppe.
 32237 | Orc:2    | Found Qiakic's Distillery.
 32264 | Orc:2    | Found Ovoa's Distillery.
 32291 | Orc:2    | Bought a potion of ambrosia for 112 gold pieces
 32291 | Orc:2    | Bought a potion of haste for 140 gold pieces
 32307 | Orc:2    | Found a staircase to the Elven Halls.
 32676 | Orc:1    | Noticed Urug
 32679 | Orc:1    | Killed Urug
 32936 | Orc:1    | Found a roughly hewn altar of Beogh.
 33010 | Orc:2    | Bought a potion of haste for 170 gold pieces
 33010 | Orc:2    | Bought a potion of invisibility for 136 gold pieces
 33010 | Orc:2    | Bought a potion of curing for 51 gold pieces
 33010 | Orc:2    | Bought a potion of heal wounds for 85 gold pieces
 33010 | Orc:2    | Bought a potion of brilliance for 68 gold pieces
 33010 | Orc:2    | Bought a potion of invisibility for 136 gold pieces
 33010 | Orc:2    | Bought a potion of lignification for 51 gold pieces
 33010 | Orc:2    | Bought a potion of haste for 170 gold pieces
 33015 | Orc:2    | Bought a potion of curing for 42 gold pieces
 33015 | Orc:2    | Bought a potion of invisibility for 112 gold pieces
 33015 | Orc:2    | Bought a potion of curing for 42 gold pieces
 33015 | Orc:2    | Bought a potion of heal wounds for 70 gold pieces
 33015 | Orc:2    | Bought a potion of curing for 42 gold pieces
 33015 | Orc:2    | Bought a potion of curing for 42 gold pieces
 33213 | Snake:2  | Noticed a nagaraja
 33217 | Snake:2  | Killed a nagaraja
 33325 | Snake:2  | Reached XP level 16. HP: 115/115 MP: 9/32
 33601 | Snake:2  | Reached skill level 13 in Spellcasting
 33644 | Snake:2  | Reached skill level 15 in Conjurations
 33664 | Snake:2  | Learned a level 5 spell: Irradiate
 34614 | Snake:3  | Found a glacial archway.
 34625 | IceCv    | Entered an ice cave
 34641 | IceCv    | Learned a level 5 spell: Lee's Rapid Deconstruction
 34682 | IceCv    | Reached skill level 14 in Spellcasting
 35842 | Snake:3  | Found Renuoji's Superior Scales.
 36173 | Snake:3  | Identified the serpent talisman "Kaklodwa" {rC+ rCorr
                  | Dex-3}
 36173 | Snake:3  | Noticed Aizul
 36180 | Snake:3  | Killed Aizul
 36181 | Snake:3  | Reached skill level 15 in Spellcasting
 36468 | Snake:4  | Entered Level 4 of the Snake Pit
 36737 | Snake:4  | Reached skill level 5 in Evocations
 36739 | Snake:4  | Reached skill level 5 in Invocations
 37162 | Snake:4  | Reached XP level 17. HP: 95/123 MP: 17/36
 37863 | Snake:4  | Noticed Vashnia
 37877 | Snake:4  | Killed Vashnia
 38099 | Snake:4  | Found an iron altar of Okawaru.
 38116 | Snake:4  | Reached skill level 10 in Fighting
 38169 | Snake:4  | Got a serpentine rune of Zot
 38499 | Elf:1    | Entered Level 1 of the Elven Halls
 38972 | Elf:1    | Paralysed by an air elemental for 1 turns
 39100 | Elf:1    | Got the Discourse on the Boggart
 39130 | Elf:1    | Found Lyos's Self-Improvement Boutique.
 39879 | Elf:2    | Found a runed translucent gate.
 39880 | Elf:2    | Found a runed translucent gate.
 39880 | Elf:2    | Found a runed translucent gate.
 39910 | Elf:2    | Found a radiant altar of Vehumet.
 40182 | Elf:3    | Entered Level 3 of the Elven Halls
 40364 | Elf:3    | Reached skill level 16 in Spellcasting
 40767 | Elf:3    | Reached XP level 18. HP: 133/133 MP: 26/38
 41248 | Elf:3    | Paralysed by an air elemental for 1 turns
 41429 | Elf:3    | Noticed an Ice Fiend
 41430 | Elf:3    | Noticed a Brimstone Fiend
 41501 | Elf:3    | Identified the +1 ring mail "Optilebi" {rPois rN+ Int+3
                  | Dex+2}
 41709 | Elf:3    | Identified the +9 rapier of the Establishment {vamp, rElec}
 41712 | Elf:3    | Noticed a Hell Sentinel
 41799 | Elf:3    | Identified the +9 lajatang "Usuychor" {freeze, rPois rF++}
 41813 | Elf:3    | Reached skill level 10 in Invocations
 41925 | Elf:3    | Identified the staff "Fixe" {rElec rPois rC- rN+ Dex+4 Air}
 41933 | Elf:3    | Identified the +0 arbalest of Embarrassment {antimagic,
                  | rC++ Dex+5}
 41959 | Elf:3    | Identified the staff of Makhleb's Delight {Will+ Conj Tloc}
 42406 | Vaults:1 | Entered Level 1 of the Vaults
 42553 | Vaults:1 | Reached skill level 17 in Spellcasting
 42553 | Vaults:1 | Reached skill level 10 in Evocations
 43337 | Vaults:1 | Reached skill level 18 in Spellcasting
 43500 | Vaults:1 | Found Zelimef's Magic Scroll Emporium.
 43548 | Vaults:1 | Noticed Nikola
 43555 | Vaults:1 | Killed Nikola
 43557 | Vaults:1 | Reached XP level 19. HP: 138/138 MP: 23/41
 43782 | Vaults:1 | Found Hienneen's Assorted Antiques.
 43953 | Vaults:1 | Identified the +2 mace "Sergey's Doom" {drain, rC++ Int+3}
 44336 | Elf:1    | Bought a manual of Fighting for 1520 gold pieces
 44601 | Vaults:2 | Found Umeufur's Magic Scroll Shop.
 44636 | Vaults:2 | Found Xiduaqit's Antique Weapon Shoppe.
 45148 | Vaults:2 | Found a shimmering blue altar of Sif Muna.
 45867 | Vaults:2 | Found a staircase to the Crypt.
 45925 | Vaults:2 | Found Peutaik's Book Boutique.
 46268 | Vaults:2 | Reached skill level 15 in Fighting
 46862 | Vaults:3 | Identified the +2 leather armour of Muususos {Int+5}
 47014 | Vaults:3 | Reached XP level 20. HP: 165/165 MP: 8/42
 47995 | Vaults:4 | Found Vuzood's Armour Shoppe.
 48614 | Vaults:4 | Reached skill level 1 in Shields
 50427 | Depths:1 | Entered Level 1 of the Depths
 50464 | Depths:1 | Identified the ring of Leaves {Wiz *Corrode rPois Int+6
                  | Dex-5}
 50659 | Depths:1 | Found Muzxase's Armour Shoppe.
 50710 | Depths:1 | Found a sacrificial altar of Ru.
 50860 | Depths:1 | Reached skill level 5 in Shields
 51032 | Depths:1 | Found a gateway to Hell.
 51381 | Depths:2 | Reached skill level 10 in Dodging
 51392 | Depths:2 | Reached XP level 21. HP: 145/178 MP: 18/43
 51483 | Depths:2 | Reached skill level 19 in Spellcasting
 51793 | Depths:2 | Found a shimmering altar of Xom.
 51818 | Depths:2 | Found a one-way gateway to a ziggurat.
 52103 | Depths:2 | Learned a level 5 spell: Summon Forest
 52343 | Depths:2 | Found Pici's Book Shoppe.
 52344 | Depths:2 | Found Ryteaw's Jewellery Boutique.
 52345 | Depths:2 | Found Viqibig's Book Shoppe.
 52519 | Depths:2 | Reached skill level 1 in Translocations
 52600 | Depths:2 | Found a one-way gate leading to the halls of Pandemonium.
 53207 | Depths:3 | Noticed Xtahua
 53221 | Depths:3 | Killed Xtahua
 53378 | Depths:3 | Identified the ring of Egalitarianism {+Blink rPois rF+
                  | Int+3 Slay+3}
 53456 | Depths:3 | Reached skill level 5 in Translocations
 53644 | Depths:3 | Noticed an ancient lich
 53649 | Depths:3 | Killed an ancient lich
 53728 | Depths:3 | Reached skill level 20 in Spellcasting
 53731 | Depths:3 | Identified the amulet of Yttikhuiwk {Faith rC+ Regen+ SInv}
 53890 | Depths:3 | Noticed a golden dragon
 53895 | Depths:3 | Killed a golden dragon
 54051 | Depths:3 | Identified the amulet of Icahuor {Spirit rC+}
 54197 | Depths:3 | Noticed Parghit
 54209 | Depths:3 | Killed Parghit
 54783 | Depths:4 | Entered Level 4 of the Depths
 55145 | Depths:4 | Found a flickering gateway to a bazaar.
 55166 | Bazaar   | Entered a bazaar
 55390 | Bazaar   | Found Paehanit's Armour Emporium.
 55397 | Bazaar   | Found Toniyqe's Jewellery Shoppe.
 55434 | Bazaar   | Found Ahakhlud's General Store.
 55442 | Bazaar   | Found Inkuaff's Distillery.
 55482 | Bazaar   | Bought the sphere of Battle for 800 gold pieces
 55482 | Bazaar   | Found the sphere of Battle
 55482 | Bazaar   | Bought the +0 buckler of Too Many Cooks {rPois rC+ Str+3}
                  | for 290 gold pieces
 55588 | Depths:4 | Reached XP level 22. HP: 184/184 MP: 15/46
 55848 | Depths:4 | Noticed a golden dragon
 55863 | Depths:4 | Killed a golden dragon
 55864 | Depths:4 | Reached skill level 15 in Summonings
 56574 | Depths:4 | Noticed a golden dragon
 56576 | Depths:4 | Found a gate to the Realm of Zot.
 56587 | Depths:4 | Killed a golden dragon
 57130 | Crypt:1  | Entered Level 1 of the Crypt
 58043 | Crypt:2  | Noticed Khufu
 58062 | Crypt:2  | Killed Khufu
 58121 | Crypt:2  | Noticed a royal mummy
 58126 | Crypt:2  | Killed a royal mummy
 58815 | Crypt:2  | Found a basalt altar of Yredelemnul.
 59270 | Crypt:3  | Entered Level 3 of the Crypt
 59872 | Crypt:3  | Found a staircase to the Tomb.
 59985 | Crypt:3  | Found a basalt altar of Yredelemnul.
 60315 | Depths:2 | Bought a Grand Grimoire for 340 gold pieces
 60324 | Depths:2 | Learned a level 8 spell: Summon Horrible Things
 60332 | Depths:2 | Learned a level 7 spell: Malign Gateway
 61390 | Crypt:3  | Identified the staff of Pitenoumur {rPois rF+ rN+ Fire}
 61997 | Vaults:5 | Entered Level 5 of the Vaults
 62006 | Vaults:5 | Reached XP level 23. HP: 163/191 MP: 35/47
 62307 | Vaults:5 | Noticed a dread lich
 62317 | Vaults:5 | Killed a dread lich
 62326 | Vaults:5 | Identified the +8 scimitar "Onuedulirr" {flame, *Rage rElec
                  | rPois Will++}
 62708 | Vaults:5 | Reached skill level 10 in Shields
 62712 | Vaults:5 | Identified the +8 glaive "Emmitean" {holy, +Blink rF+}
 63308 | Vaults:5 | Got a silver rune of Zot
 63402 | Vaults:5 | Identified the +6 mace of Kindness {elec, rPois Int+4}
 63407 | Vaults:5 | Got the Directory of Wispy Concussion
 63515 | Vaults:5 | Identified the +4 helmet "Xororyis" {rElec rF+ rC+ Dex-3}
 64057 | Shoals:1 | Entered Level 1 of the Shoals
 64270 | Shoals:1 | Found a hide-covered altar of Uskayaw.
 64313 | Shoals:1 | Identified the +5 longbow "Coconico" {drain, rN+ Will+
                  | Int+3}
 64586 | Shoals:1 | Found a runed translucent door.
 64589 | Shoals:1 | Noticed FlatIsJustice's ghost (adept FoFi)
 64602 | Shoals:1 | Killed FlatIsJustice's ghost
 65010 | Shoals:2 | Reached XP level 24. HP: 197/201 MP: 37/47
 65300 | Shoals:2 | Noticed Frances
 65311 | Shoals:2 | Killed Frances
 65430 | Shoals:2 | You fall into a shaft and drop 1 floor!
 65437 | Shoals:3 | Acquired 1116 gold pieces
 65455 | Shoals:2 | Noticed zkyp's ghost (adept CoGl)
 65510 | Shoals:2 | Found a bloodstained altar of Trog.
 65516 | Shoals:2 | Found a transporter.
 65522 | Shoals:2 | Found a transporter.
 66190 | Crypt:3  | Identified the staff of Xodosuax {rElec rN+ Str+7 Int-2
                  | Necro}
 66760 | D:3      | Killed 1Anon's ghost
 66764 | D:3      | Identified the amulet "Buuriek" {Spirit rPois Dex+3 SInv}
 67025 | Lair:5   | Killed MirrMurr's ghost
 67028 | Lair:5   | Identified the +2 pair of boots "Owanae" {Stlth+}
 67223 | Shoals:2 | Killed zkyp's ghost
 68050 | Shoals:4 | Entered Level 4 of the Shoals
 68172 | Shoals:4 | Reached skill level 21 in Spellcasting
 68216 | Shoals:4 | Noticed Polyphemus
 68221 | Shoals:4 | Reached skill level 10 in Translocations
 68233 | Shoals:4 | Killed Polyphemus
 68351 | Shoals:4 | Found a runed translucent door.
 68351 | Shoals:4 | Found a shimmering altar of Xom.
 68351 | Shoals:4 | Noticed TobyConnect's ghost (adept TeAE)
 68502 | Shoals:4 | Identified the +2 war axe "Xecsaz" {antimagic, rF+ rC++
                  | Int+3}
 69049 | Shoals:4 | Got a barnacled rune of Zot
 69533 | Vaults:1 | Bought a scroll of revelation for 277 gold pieces
 69533 | Vaults:1 | Bought a potion of curing for 111 gold pieces
 69533 | Vaults:1 | Bought a scroll of enchant armour for 277 gold pieces
 70238 | Zot:1    | Entered Level 1 of the Realm of Zot
 70369 | Zot:1    | Found a transporter.
 70374 | Zot:1    | Found a transporter.
 70428 | Zot:1    | Found a transporter.
 70495 | Zot:1    | Found a transporter.
 70515 | Zot:1    | Found a transporter.
 70517 | Zot:1    | Found a transporter.
 71232 | Zot:5    | Entered Level 5 of the Realm of Zot
 71749 | Zot:5    | Reached XP level 25. HP: 208/208 MP: 33/48
 72500 | Zot:5    | Noticed an orb of fire
 72523 | Zot:5    | Killed an orb of fire
 72635 | Zot:5    | Noticed a dread lich
 72639 | Zot:5    | Killed a dread lich
 72977 | Zot:5    | Noticed an orb of fire
 72978 | Zot:5    | Noticed a dread lich
 72979 | Zot:5    | Noticed an orb of fire
 72982 | Zot:5    | Noticed a dread lich
 72984 | Zot:5    | Noticed a Killer Klown
 72985 | Zot:5    | Killed a dread lich
 72989 | Zot:5    | Killed an orb of fire
 72990 | Zot:5    | Noticed a Killer Klown
 72991 | Zot:5    | Noticed an ancient lich
 73000 | Zot:5    | Killed a dread lich
 73003 | Zot:5    | Killed an orb of fire
 73006 | Zot:5    | Killed a Killer Klown
 73006 | Zot:5    | Killed a Killer Klown
 73021 | Zot:5    | Gained mutation: You sometimes lose your temper in combat.
                  | [mutagenic glow]
 73032 | Zot:5    | Killed an ancient lich
 73033 | Zot:5    | Killed a dread lich
 73034 | Zot:5    | Gained mutation: You are dopey. (Int -2) [mutagenic glow]
 73324 | Zot:5    | Got the Orb of Zot
 73332 | Zot:5    | Noticed a Killer Klown
 73449 | Depths:4 | Reached skill level 15 in Invocations
 73450 | Depths:4 | Noticed Buffaski the pandemonium lord
 73467 | Depths:4 | Noticed Niada the pandemonium lord
 73730 | D:10     | Noticed Dimeu the pandemonium lord
 73740 | D:10     | Noticed Fanluesu the pandemonium lord
 73952 | D:$      | Escaped with the Orb!

Illustrated notes

Levels and vault maps discovered:
D:1:      roadster_arrival_rocket_large, layout_rooms, serial_bayou,
          serial_bayou_pond_e, serial_bayou_lagoon_a, serial_bayou_pond_e,
          serial_bayou_pond_b
D:2:      layout_basic, shapermc_ecumenical_altar_acropolis, uniq_sigmund
D:3:      layout_rooms, gammafunk_ghost_abyssal_escape
D:4:      layout_rooms, minmay_temple_entry_trees
D:5:      layout_cave_pools, general_overflow_altar, mainiacjoe_overflow_paths,
          lightli_sewer_entry_pipes, saegor_snake_ambush
D:6:      layout_loops_cross, mainiacjoe_overflow_cross_hatched,
          grunt_temple_overflow_diamond, gammafunk_temple_overflow_forgotten,
          kennysheep_boxes, uniq_crazy_yiuf_cottage, uniq_edmund
D:7:      nzn_winding_woodlands_cross
          [nzn_winding_woodlands_5x15_pathside_ponds,
          nzn_winding_woodlands_5x15_split_checker,
          nzn_winding_woodlands_5x15_concentric,
          nzn_winding_woodlands_5x15_jagged,
          nzn_winding_woodlands_15x15_five_gardens], layout_basic,
          serial_library_hellmonk_hallway_a, palyth_stone_intersect,
          minmay_joined_circles, uniq_maggie
D:8:      layout_gridville, lair_entry_dummy, kennysheep_generic_room_7
D:9:      layout_roguey
D:10:     nicolae_moon_pools, layout_cave_pods,
          mainiacjoe_overflow_small_starburst, serial_shops, shop
D:11:     layout_loops_corners, serial_shops, kennysheep_mini,
          hangedman_tell_no_tales, uniq_harold
D:12:     layout_layer_cave, gauntlet_entry_generic
D:13:     layout_cave_pools, trove_entry_hex_spiral,
          nicolae_concentric_dashed_squares_mild
D:14:     layout_loops_ring, david_vaults_1, serial_shops,
          nicolae_lakefront_shop
D:15:     gammafunk_enter_depths_forms, layout_irregular_city,
          hellmonk_sif_muna_bookshelves, nicolae_wu_jian_wuxing_cycle,
          uniq_kirke, uniq_roxanne
Temple:   chequers_temple_sunken
Lair:1:   layout_regular_city, small_statue_intersection,
          nicolae_quartered_pool_medium, guppyfry_lair_drakes, lemuel_fruit_tree
Lair:2:   layout_regular_city, minmay_shoals_entry_beasts, serial_bayou_shore_a
Lair:3:   layout_loops_ring, alex1729_snake_entry_snake,
          cheibrodos_lair_reptile_den, grunt_megastairs_2
Lair:4:   layout_cave_pods, st_stairs_3, grunt_forest_small_clearing_treed
Lair:5:   hangedman_lair_in_review, layout_cave_pods, guppyfry_lair_end_dragon,
          minmay_slime_entry_oklob_enclosed, gammafunk_ghost_berserking_beasts,
          nicolae_volcano_entry_lava_flow, serial_forest,
          infiniplex_forest_join, infiniplex_forest_lined_4_way,
          infiniplex_forest_corner_2, infiniplex_forest_lined_room_2,
          infiniplex_forest_straight_5
Shoals:1: layout_shoals, hellmonk_ghost_happy_afterlife,
          regret_index_shoals_crete
Shoals:2: layout_shoals, gammafunk_ghost_wrathful_warriors, nicolae_tricolors,
          uniq_frances
Shoals:3: layout_shoals, kb_tengu_band
Shoals:4: shoals_end_grunt_ice, layout_shoals, ebering_ghost_xom,
          uniq_polyphemus
Snake:1:  layout_onion
Snake:2:  layout_cave_pods, special_room
Snake:3:  layout_layer_cave, portal_ice_cave_entry_ice_statue_one,
          nicolae_snake_gridmaze_tees, hellmonk_scale_shop, uniq_aizul
Snake:4:  grunt_snake_rune_serpentine_throne, layout_basic,
          hangedman_snake_corridor_split
Orc:1:    layout_caves, basic_altar, uniq_urug
Orc:2:    st_orc_open, layout_caves, uniq_donald
Elf:1:    nicolae_elf_arrival_fired_up, layout_geoelf_octagon,
          minmay_elf_demonology, nicolae_shop_self_help
Elf:2:    nicolae_elf_blades_crystal_corner, layout_loops_corners, basic_altar,
          uniq_azrael
Elf:3:    elf_hall, layout_onion_city, grunt_ministairs_4
Vaults:1: v_pattern_4, v_misc_27, hangedman_vaults_nodes,
          hangedman_vaults_variations, kb_rosetta, vaults_room_mumra_shop_pool,
          grunt_vaults_focal, vaults_mumra_hexcomb, lightli_orcish_oven,
          nicolae_vaults_double_plus_1, nicolae_vaults_house_2,
          nicolae_vaults_diamond_2, nicolae_vaults_house_1,
          layout_vaults_omnicross, serial_shops, nicolae_shop_waterfront,
          uniq_nikola
Vaults:2: nicolae_vaults_trapezoid_lopsided_1, v_misc_3,
          nicolae_vaults_double_plus_1, serial_library_hellmonk_narrow_alcove,
          v_pattern_1, vaults_room_hallway, minmay_crypt_entry_skeletal_spiral,
          nicolae_vaults_storage_room_statues, v_alt_pattern_6,
          dpeg_vaults_monster_box, ontoclasm_vaults_gateway,
          nicolae_vaults_heart-shaped_vault, layout_vaults_big_room,
          serial_shops, nicolae_shop_trees, nicolae_shop_just_a_little_nook,
          shop
Vaults:3: nicolae_vaults_apartment_2, ontoclasm_vaults_echo,
          vaults_dpeg_emergency_exit, hangedman_vaults_hat,
          hangedman_vaults_impose, nicolae_vaults_trapezoid_lopsided_1,
          v_pattern_5, nicolae_vaults_windows_and_doors_thing,
          nicolae_vaults_meiosis, ontoclasm_vaults_eye, hangedman_vaults_snaps,
          v_misc_23, v_alt_pattern_4, layout_vaults_maze_bifur
Vaults:4: nicolae_vaults_tangent_ellipses, v_misc_10, hangedman_vaults_nails,
          nicolae_vaults_tetromino_L_1, grunt_vaults_swirl,
          ontoclasm_vaults_fault, nicolae_vaults_network_periphery,
          minmay_orc_keep, nicolae_vaults_three_branches,
          vaults_room_semicircle, nicolae_vaults_little_squares_6,
          nicolae_vaults_storage_room_glass, vaults_room_pool,
          layout_vaults_omnibox, serial_shops, shop
Vaults:5
Crypt:1:  layout_misc_corridors, grunt_ministairs_1,
          grunt_crypt_arrival_guarded_gate
Crypt:2:  layout_basic, lemuel_mausoleum_altar_yredelemnul, uniq_khufu
Crypt:3:  evilmike_haunted_forest
Depths:1: layout_long_grid, hell_entry, abyss_entry, serial_shops, shop,
          kennysheep_big_empty_room, nicolae_kite_square_tiling_tiny,
          st_stairs_11, nicolae_ru_the_path_less_chosen
Depths:2: thingy_vault, layout_cave_pools, enter_ziggurat_f,
          hangedman_coc_ice_floe, rand_demon_pan_entry_9, xom_redecorated,
          infiniplex_staircase_zigzag_3, minmay_shop_grove
Depths:3: minmay_the_grid_3x2 [minmay_the_grid_square_x,
          minmay_the_grid_diamond_grid, minmay_the_grid_tri_star,
          minmay_the_grid_tiny_cups, minmay_the_grid_tree,
          minmay_the_grid_prize_trominoes], layout_honeycomb,
          minmay_room_of_horrors, hell_entry, kennysheep_minor_cross,
          infiniplex_staircase_zigzag_2, uniq_xtahua, uniq_parghit
Depths:4: grunt_zot_entry_hairpin, layout_gridlike, hell_entry,
          roderic_roman_lattice, serial_shops, bzr_entry_lakeside,
          abyss_entry_small_statue_room, minmay_metal_thing
Zot:1:    layout_misc_corridors, serial_nicolae_subway,
          nicolae_sub_station_crystal, nicolae_sub_station_stone,
          nicolae_sub_station_metal
Zot:2:    layout_cathedral_of_symmetry, regret_index_zotdec_gossamer_gf,
          zot_minivault_4
Zot:3:    gammafunk_sealed_arena, layout_misc_corridors, grunt_ministairs_14
Zot:4:    layout_gridville, uniq_josephina, uniq_vv
Zot:5:    layout_gridlike

Skill      XL: |  1  2  3  4  5  6  7  8  9 10 11 12 13 14 15 16 17 18 19 20 21 22 23 24 25 |
---------------+----------------------------------------------------------------------------+-----
Stealth        | 2 3 4 |  4.0
Fighting       | 1 2 3 5 6 8 9 10 17 19 20 | 20.7
Conjurations   | 2 3 4 6 7 8 10 13 14 15 | 15.0
Earth Magic    | 4 5 6 10 | 10.0
Spellcasting   | 3 5 6 7 9 10 12 15 16 18 20 21 | 21.5
Throwing       | 2 |  2.0
Ice Magic      | 4 6 8 |  8.0
Air Magic      | 5 6 |  6.0
Dodging        | 3 6 8 10 11 12 13 | 13.0
Invocations    | 3 4 5 8 10 12 14 15 | 15.1
Summonings     | 10 12 13 14 18 | 18.3
Evocations     | 4 5 8 10 12 14 | 14.9
Shields        | 5 8 10 12 13 | 13.2
Translocations | 6 9 10 | 10.0

Action                     |  1- 3 |  4- 6 |  7- 9 | 10-12 | 13-15 | 16-18 | 19-21 | 22-24 | 25-27 || total
---------------------------+-------+-------+-------+-------+-------+-------+-------+-------+-------++-------
  Melee: Tailslap          |     1 |       |     1 |       |     1 |     3 |     4 |    20 |     1 ||    31
         Dagger            |     1 |       |       |       |       |       |       |       |       ||     1
         Staff             |     3 |     3 |     4 |       |    26 |    13 |    28 |    89 |     2 ||   168
  Throw: Stone             |     3 |       |       |       |       |       |       |       |       ||     3
         Javelin           |     2 |     7 |       |       |       |       |       |       |       ||     9
         Dart              |       |    11 |     6 |     8 |     2 |       |       |       |       ||    27
         Throwing net      |       |       |       |     1 |     1 |       |       |     1 |       ||     3
   Cast: Sandblast         |    75 |   104 |   123 |   169 |    52 |       |       |       |       ||   523
         Stone Arrow       |       |     4 |    37 |   121 |   399 |   195 |    72 |       |       ||   828
         Frozen Ramparts   |       |       |    10 |    18 |    11 |       |       |       |       ||    39
         Hailstorm         |       |       |     1 |    12 |    27 |     4 |       |       |       ||    44
         Iskenderun's Batt |       |       |       |    23 |    28 |       |       |       |       ||    51
         Bombard           |       |       |       |       |    35 |   132 |   319 |   471 |    59 ||  1016
         Freezing Cloud    |       |       |       |       |    59 |    69 |    29 |     4 |       ||   161
         Spellforged Servi |       |       |       |       |     1 |    40 |    50 |    50 |     4 ||   145
         Lee's Rapid Decon |       |       |       |       |       |    86 |    94 |    46 |     4 ||   230
         Irradiate         |       |       |       |       |       |    12 |    18 |    12 |     3 ||    45
         Summon Forest     |       |       |       |       |       |       |    12 |    58 |     8 ||    78
         Passwall          |       |       |       |       |       |       |     3 |       |     2 ||     5
         Summon Horrible T |       |       |       |       |       |       |       |    32 |    10 ||    42
         Malign Gateway    |       |       |       |       |       |       |       |    10 |     4 ||    14
 Invoke: Recall Ancestor   |       |       |     6 |     4 |     2 |    12 |    10 |     7 |     7 ||    48
         Ancestor Identity |       |       |     1 |       |       |       |       |       |       ||     1
         Ancestor Life: Kn |       |       |     1 |       |       |       |       |       |       ||     1
         Idealise          |       |       |       |       |     2 |     7 |     6 |     5 |     3 ||    23
         Transference      |       |       |       |       |     1 |     1 |       |       |       ||     2
Ability: Glacial Breath    |       |       |     3 |    10 |     3 |       |     2 |       |       ||    18
         Evoke Blink       |       |       |       |       |       |       |       |     8 |       ||     8
  Evoke: Wand              |       |       |     3 |    12 |    15 |     3 |     9 |     4 |     4 ||    50
         Lightning rod     |       |       |       |       |     7 |       |     5 |     4 |       ||    16
         Box of beasts     |       |       |       |       |     2 |     3 |     3 |       |     1 ||     9
         Tin of tremorston |       |       |       |       |     2 |     5 |     4 |     4 |       ||    15
         Phantom mirror    |       |       |       |       |     1 |     2 |     2 |     4 |     1 ||    10
         Phial of floods   |       |       |       |       |     1 |     1 |       |       |       ||     2
    Use: Scroll            |     2 |     3 |     8 |     3 |    20 |     9 |       |    10 |    15 ||    70
         Potion            |     1 |       |       |       |     1 |    10 |     1 |     4 |     9 ||    26
   Stab: Distracted        |       |       |       |       |     1 |       |       |     2 |       ||     3
         Sleeping          |       |       |       |       |     1 |       |       |       |       ||     1
 Armour: Skin              |    36 |    28 |    39 |    88 |   175 |   199 |   198 |   313 |    24 ||  1100
  Dodge: Dodged            |    25 |    29 |    25 |    65 |   178 |   137 |   148 |   287 |    23 ||   917
  Block: Other             |       |    14 |    12 |     4 |       |       |       |       |       ||    30
         Reflection        |       |     3 |       |     2 |       |       |       |       |       ||     5
         Kite shield       |       |       |       |       |       |       |    42 |       |       ||    42
         Buckler           |       |       |       |       |       |       |       |   123 |    12 ||   135

Table legend: (Time is in decaauts)
 A = Elapsed time spent in this place.
 B = Non-inter-level travel time spent in this place.
 C = Inter-level travel time spent in this place.
 D = Time resting spent in this place.
 E = Time spent auto-exploring this place.
 F = Levels seen in this place.
 G = Mean time per level.
                   A        B        C        D        E       F      G
               +--------+--------+--------+--------+--------+-----+--------+
         Total |  74947 |  66698 |   8249 |   5059 |  47158 |  57 | 1314.9 |
       Dungeon |  23663 |  20672 |   2991 |   2699 |  13690 |  15 | 1577.5 |
        Temple |     47 |     11 |     36 |      0 |      0 |   1 |   47.0 |
          Lair |   7784 |   6992 |    792 |    279 |   5554 |   5 | 1556.8 |
        Shoals |   4111 |   3946 |    165 |      2 |   2946 |   4 | 1027.8 |
     Snake Pit |   5649 |   5266 |    383 |    105 |   4264 |   4 | 1412.2 |
  Orcish Mines |   1435 |   1107 |    328 |      0 |    934 |   2 |  717.5 |
   Elven Halls |   3921 |   3495 |    426 |    185 |   2557 |   3 | 1307.0 |
        Vaults |  10108 |   8754 |   1354 |    187 |   6454 |   5 | 2021.6 |
         Crypt |   4890 |   4024 |    866 |    135 |   2942 |   3 | 1630.0 |
        Depths |   6697 |   6003 |    694 |    235 |   4382 |   4 | 1674.2 |
           Zot |   3164 |   2954 |    210 |    866 |   1454 |   5 |  632.8 |
        Bazaar |    358 |    358 |      0 |      0 |    285 |   1 |  358.0 |
         Trove |     89 |     89 |      0 |      0 |     66 |   1 |   89.0 |
         Sewer |   1299 |   1299 |      0 |    139 |    870 |   1 | 1299.0 |
      Ice Cave |    535 |    535 |      0 |    151 |    118 |   1 |  535.0 |
       Volcano |    496 |    496 |      0 |     33 |    294 |   1 |  496.0 |
      Gauntlet |    692 |    692 |      0 |     41 |    346 |   1 |  692.0 |
               +--------+--------+--------+--------+--------+-----+--------+

Top non-repeatable levels by time:
     D:7: 3325 daAuts
Vaults:1: 2287 daAuts
Vaults:2: 2268 daAuts
     D:2: 2226 daAuts
 Crypt:3: 2202 daAuts
   Zot:5: 2112 daAuts
     D:1: 2086 daAuts
Vaults:4: 2025 daAuts
    D:11: 2001 daAuts
   Elf:3: 1957 daAuts
Depths:3: 1936 daAuts
Depths:4: 1932 daAuts
Vaults:5: 1859 daAuts
  Lair:5: 1829 daAuts
 Snake:4: 1756 daAuts
